 Dungeon Crawl Stone Soup version 0.30-a0-341-g682706514a (webtiles) character file.

Game seed: 15033263143639310626

71 MrRokkomies the Chucker (level 4, -3/39 HPs)
             Began as an Armataur Gladiator on Nov 3, 2022.
             Killed by nerve-wracking pain
             ... invoked by Grinder
              (14 damage)
             ... on level 3 of the Dungeon.
             The game lasted 00:04:18 (1978 turns).

MrRokkomies the Chucker (Armataur Gladiator)        Turns: 1978, Time: 00:04:18

Health: -3/39      AC:  5    Str: 21    XL:     4   Next: 5%
Magic:  3/4        EV: 10    Int: 11    God:
Gold:   25         SH:  0    Dex: 11    Spells: 3/3 levels left

rFire   . . .      SeeInvis +    b - +7 short sword of Wualyluz {freeze, rElec rPois Int+2}
rCold   . . .      Faith    .    (no shield)
rNeg    . . .      Spirit   .    u - +0 leather armour
rPois   +          Reflect  .    c - +0 helmet
rElec   +          Harm     .    (no cloak)
rCorr   .          Roll     +    (no gloves)
Will    .....                    (no barding)
Stlth   +.........               (no amulet)
HPRegen 0.26/turn                f - ring of see invisible
MPRegen 0.09/turn                (no ring)

@: no status effects
A: large, rugged brown scales 3, deformed body, armoured tail, roll, long
tongue, awkward tongue
a: no special abilities


You were on level 3 of the Dungeon.
You visited 1 branch of the dungeon, and saw 3 of its levels.

You collected 64 gold pieces.
You spent 39 gold pieces at shops.

Inventory:

Hand Weapons
 a - the +8 trident of Beogh's Envy {antimagic, rN+ Str+3 Int+8 Dex-3}
   (You found it on level 2 of the Dungeon)

   It reduces the magical energy of the wielder, and disrupts the spells and
   magical abilities of those it strikes.
   Natural abilities and divine invocations are not affected.
   Str:       It affects your strength (+3).
   Int:       It affects your intelligence (+8).
   Dex:       It affects your dexterity (-3).
   rN:        It protects you from negative energy.
 b - the +7 short sword of Wualyluz (weapon) {freeze, rElec rPois Int+2}
   (You found it on level 2 of the Dungeon)

   It freezes those it strikes, dealing additional cold damage.
   It can also slow down cold-blooded creatures.
   Int:       It affects your intelligence (+2).
   rElec:     It insulates you from electricity.
   rPois:     It protects you from poison.
 o - a +0 quarterstaff
Missiles
 e - a javelin (quivered)
Armour
 c - a +0 helmet (worn)
 u - a +0 leather armour (worn)
Jewellery
 f - a ring of see invisible (left hand)
 p - an amulet of magic regeneration
 r - an amulet of reflection
Scrolls
 i - 3 scrolls of teleportation
 m - 2 scrolls of immolation
 n - 2 scrolls of vulnerability
 v - a scroll of poison
Potions
 h - a potion of brilliance {unknown}
 j - a potion of heal wounds {unknown}
 k - a potion of haste
 s - 2 potions of curing


   Skills:
 * Level 2.5 Fighting
 - Level 2.6 Staves
 * Level 2.7 Throwing
 + Level 1.6 Armour
 + Level 2.5 Dodging


You had 3 spell levels left.
You didn't know any spells.
Your spell library contained the following spells:

 Spells                   Type           Power      Damage    Failure   Level
 Ignite Poison            Fire/Tmut/Pois 0%         N/A       77%         3
 Kindle Blastsparks       Fire/Tloc/Air  0%         2d10      77%         3
 Freezing Cloud           Conj/Ice/Air   0%         6-21      100%        5


Dungeon Overview and Level Annotations

Branches:
Dungeon (3/15)

Altars:
Cheibriados

Shops:
D:2 !

Annotations:
D:3 Grinder


Innate Abilities, Weirdness & Mutations

You are completely covered in rugged brown scales. (AC +3, +7% HP)
Armour fits poorly on your strangely shaped body.
You have a long armoured tail.
You roll when moving toward enemies. (Rampage)
Your long tongue fully drains potion bottles. (2x potion effects)
Your tongue gives you trouble enunciating. (1.5x scroll delay)


Message History

You see here a throwing net.
Unknown command.
d - a throwing net Grinder hits you.
You writhe in agony.
You barely miss Grinder. Grinder gestures at you.
Pain shoots through your body! The worm closely misses you.
Throw: throwing net
Press: ? - help, Q - select action, (/) - cycle Shift-Dir - straight line, f/p - Grinder
Aim: Grinder (fast, 53% to hit)
You throw a throwing net. The throwing net hits Grinder.
Grinder is caught in the net!
Grinder struggles against the net.
You hit Grinder.
Grinder is lightly wounded.
Grinder struggles against the net. x2; The worm bites you.
You hit Grinder.
Grinder is moderately wounded.
Grinder gestures at you.
You suddenly lose the ability to move!
Grinder struggles against the net.
The worm barely misses you. Grinder gestures at you.
You shrug off the repeated paralysis!
Grinder struggles against the net.
The net rips apart, and Grinder comes free!
The worm bites you!
* * * LOW HITPOINT WARNING * * *
Grinder blinks! x2
The worm bites you but does no damage.
You can move again.
You slurp down every last drop of the 3 potions of curing!
You feel better. Grinder gestures at you. Pain shoots through your body!
You roll towards Grinder!
The worm barely misses you. Grinder hits you but does no damage.
Grinder hits you.
You writhe in agony.
Grinder attacks as you move away! Grinder hits you.
You writhe in agony.
* * * LOW HITPOINT WARNING * * *
Grinder gestures at you. Pain shoots through your body!
You die...

.........#
#........#
.........#
..#......####
##(.........#
#..<........#
......5.w..(#
.?.##...####
#. #.@.# #
#...# ##.##
#.# #.# #.#
#.# #.#


You could see Grinder (fast) and a worm.

Vanquished Creatures
  2 adders (D:2)
  3 ball pythons (D:1)
  7 endoplasms
  3 giant cockroaches (D:2)
  6 goblins
  4 hobgoblins
  4 jackals (D:2)
  4 quokkas
  5 bats
  2 frilled lizards
  2 kobolds (D:1)
  4 rats
46 creatures vanquished.

Notes
Turn   | Place    | Note
-------+----------+-------------------------------------------
     0 | D:1      | MrRokkomies the Armataur Gladiator began the quest for the
                  | Orb.
     0 | D:1      | Reached XP level 1. HP: 18/18 MP: 1/1
   137 | D:1      | Reached XP level 2. HP: 17/25 MP: 2/2
   360 | D:1      | Reached skill level 1 in Armour
   583 | D:1      | Found a faded altar of an unknown god.
   718 | D:1      | Reached XP level 3. HP: 31/31 MP: 3/3
  1022 | D:2      | Found a snail-covered altar of Cheibriados.
  1211 | D:2      | Identified the +8 trident of Beogh's Envy {antimagic, rN+
                  | Str+3 Int+8 Dex-3}
  1224 | D:2      | Identified the +1 pair of boots of Goaq {Regen+ Str+2
                  | Slay+2}
  1487 | D:2      | Reached XP level 4. HP: 31/39 MP: 1/4
  1531 | D:2      | Found Azeafapt's Distillery.
  1705 | D:2      | Bought a potion of curing for 39 gold pieces
  1714 | D:2      | Identified the +7 short sword of Wualyluz {freeze, rElec
                  | rPois Int+2}
  1955 | D:3      | Noticed Grinder
  1964 | D:3      | Paralysed by Grinder for 2 turns
  1970 | D:3      | Paralysed by Grinder for 5 turns
  1978 | D:3      | Killed from afar by Grinder

Illustrated notes

Levels and vault maps discovered:
D:1:      amcnicky_arrival_wind_blow, layout_basic,
          hellmonk_ecumenical_altar_blasted, hangedman_decor_growths
D:2:      layout_loops_corners, serial_shops, nicolae_shop_waterfront,
          basic_altar, minmay_vboxes
D:3:      layout_loops_ring, gup_sewer_entry_spiral, minmay_misc_feat_chi,
          uniq_jessica, uniq_grinder, uniq_robin, uniq_crazy_yiuf_cottage

Skill      XL: |  1  2 |
---------------+-------+-----
Fighting       | 2 |  2.5
Throwing       | 2 |  2.7
Armour         | 1 |  1.6
Staves         | |  2.6
Dodging        | |  2.5

Action                   |  1- 3 |  4- 6 || total
-------------------------+-------+-------++-------
Melee: Quarterstaff      |    89 |       ||    89
       Tailslap          |    11 |       ||    11
       Trident           |    21 |     7 ||    28
       Short sword       |       |     3 ||     3
Throw: Throwing net      |       |     4 ||     4
  Use: Scroll            |       |     6 ||     6
       Potion            |       |     1 ||     1
Armor: Leather armour    |    51 |     4 ||    55
Dodge: Dodged            |    67 |     7 ||    74

Table legend: (Time is in decaauts)
 A = Elapsed time spent in this place.
 B = Non-inter-level travel time spent in this place.
 C = Inter-level travel time spent in this place.
 D = Time resting spent in this place.
 E = Time spent auto-exploring this place.
 F = Levels seen in this place.
 G = Mean time per level.
                   A        B        C        D        E       F      G
               +--------+--------+--------+--------+--------+-----+--------+
         Total |   1999 |   1957 |     42 |    153 |   1498 |   3 |  666.3 |
       Dungeon |   1999 |   1957 |     42 |    153 |   1498 |   3 |  666.3 |
               +--------+--------+--------+--------+--------+-----+--------+

Top non-repeatable levels by time:
     D:2: 1088 daAuts
     D:1: 889 daAuts
     D:3: 22 daAuts
